AoeStats
← cmd

Arabia

505044507Analyzed
2v2 RM · 24d ago on Sep 7, 2026· 32m 16s· 4 players
Game mode
Random Map
Map size
Medium (4 player)
Population
200
Speed
Normal
Resources
Standard
Victory
Conquest
Starting age
Dark Age
Ending age
Imperial Age
RankedLock teamsTeams togetherTeam positionsShared explorationLock speedFull tech treeHidden civsTurbo modeCheats
Victory
Defeat
🇩🇪 Ethiopians · Germany
1017
+12
🇩🇪 Franks · Germany
964
+15
🇩🇪 Japanese · Germany
964
-14
🇩🇪 Mongols · Germany
911
-13
helo
7:35 Loom
10:00 Feudal Age
10:38 Double-Bit Axe
11:01 Horse Collar
16:50 Wheelbarrow
21:22 Fletching
27:34 Castle Age
25:37 Padded Archer Armor
30:58 Bodkin Arrow
cmd
10:44 Loom
12:30 Feudal Age
14:37 Double-Bit Axe
18:57 Castle Age
19:38 Pikeman
23:22 Bow Saw
23:52 Elite Skirmisher
24:44 Padded Archer Armor
24:37 Fletching
24:52 Horse Collar
25:34 Bodkin Arrow
26:00 Heavy Plow
28:47 Padded Archer Armor
29:19 Thumb Ring
31:10 Leather Archer Armor
Bob Tschigerillo
6:42 Loom
9:29 Feudal Age
9:56 Double-Bit Axe
15:06 Horse Collar
15:21 Fletching
15:31 Padded Archer Armor
24:30 Castle Age
23:39 Gold Mining
24:21 Stone Mining
24:41 Crossbowman
25:19 Bodkin Arrow
25:40 Leather Archer Armor
29:05 Husbandry
29:12 Scale Barding Armor
29:18 Forging
30:59 Wheelbarrow
32:38 Thumb Ring
Booster1602
3:12 Loom
10:38 Feudal Age
11:18 Double-Bit Axe
25:18 Castle Age
26:14 Husbandry
26:23 Scale Barding Armor
26:29 Forging
27:36 Gold Mining
29:21 Chain Barding Armor
29:37 Iron Casting
Connection lost

Rejoining the realm…

Still unreachable

The connection could not be restored.

Session expired

The server has moved on; the page needs a fresh start.